Ranfoe, chaotic male elven Ranger #...............}..................... #...##.........}....#................ #.....#...##....}.............#...... #........##....}.................#.. #.............}.}.#................. # #.............}.}..##.......^....... #... #.....C.......}.................... #.... # #.......#......}................... #...%%##...............}.................. #..%.%%....(........%.}.....#............ ##..%.........H.......}.................. ### ##.....#..@.......}................. #..............##.}................ #..............##.}.......##....... #..................}.......# #...... #........#........}.......... ...... #................}.}......#......... #....#...........}...}}...##......... #................}.....}}... ........ #...............#}........}}}...###... #...............}............}.... ... Ranfoe the Reconnoiterer Experience level: 11 Strength: 25 Dexterity: 15 Constitution: 16 Intelligence: 14 Wisdom: 16 Charisma: 8 Health: 0(89) Energy: 94(94) Def: 11 Gold: 0 Moves: 36059 Dungeon seed: GM7NlwUmvgh6Amsz Game ID: Ranfoe_1641918501 Your Inventory: Amulets I - an uncursed amulet of reflection named CBEED (being worn) Weapons d - the uncursed rustproof +1 Stormbringer (weapon in hand) e - an uncursed +1 elven bow (alternate weapon; not wielded) i - an uncursed +0 elven arrow K - 2 uncursed +2 elven arrows M - 46 uncursed poisoned +2 elven arrows (in quiver) Q - 46 uncursed poisoned +0 elven arrows Armor t - an uncursed +0 pair of iron shoes of shock immunity (being worn) x - an uncursed +0 pair of leather gloves of drain resistance (being worn) H - an uncursed +2 elven cloak X - an uncursed +1 dwarvish roundshield (being worn) Y - an uncursed +0 helmet of warning and shock immunity (being worn) Z - an uncursed +0 dwarvish mithril-coat Comestibles L - an uncursed male lizard corpse Potions S - an uncursed potion of see invisible Rings c - an uncursed ring of poison immunity n - an uncursed ring of protection from shape changers C - an uncursed ring of conflict E - an uncursed ring of cold immunity G - an uncursed ring of free action O - an uncursed ring of slow digestion R - a blessed +7 ring of gain strength (on left hand) U - an uncursed ring of sustain ability Wands a - an uncursed wand of slow monster (0:6) f - an uncursed wand of digging (0:3) h - an uncursed wand of undead turning (0:2) v - an uncursed wand of teleportation (0:3) F - an uncursed wand of cold (0:3) P - an uncursed wand of opening (0:7) V - an uncursed wand of sleep (0:3) Tools b - a blessed bag of holding k - an uncursed skeleton key l - a blessed magic lamp (lit) s - an uncursed stethoscope u - an uncursed +0 unicorn horn w - an uncursed tin whistle J - an uncursed bugle T - an uncursed towel Contents of the bag of holding: a blessed +1 arrow an uncursed +0 arrow 30 cursed +0 arrows 10 uncursed +0 arrows of detonation 2 uncursed +0 elven arrows 50 uncursed poisoned +2 elven arrows 40 uncursed poisoned +0 elven arrows an uncursed +1 elven leather helm an uncursed +0 pair of water walking boots 2 uncursed C-rations 6 uncursed K-rations an uncursed banana an uncursed carrot 6 uncursed food rations 8 uncursed lembas wafers 3 uncursed lichen corpses 2 uncursed male lizard corpses an uncursed tin of gnome lord meat 2 uncursed tripe rations an uncursed scroll of destroy armor a blessed scroll of genocide an uncursed scroll of identify 2 uncursed scrolls of scare monster an uncursed scroll of summoning a cursed scroll of summoning a blessed scroll of teleportation 3 uncursed scrolls of teleportation 3 cursed scrolls of teleportation an uncursed spellbook of cone of cold an uncursed spellbook of sleep a cursed potion of gain level 3 uncursed potions of healing 2 cursed potions of healing 11 potions of holy water an uncursed potion of levitation an uncursed potion of object detection an uncursed potion of speed a cursed ring of aggravate monster a blessed wand of cold (0:4) an uncursed wand of cold (0:4) an uncursed wand of cold (0:3) an uncursed wand of digging (0:6) an uncursed wand of digging (0:6) an uncursed wand of magic missile (0:5) an uncursed wand of opening (0:5) an uncursed wand of opening (0:3) an uncursed wand of polymorph (0:1) an uncursed wand of sleep (0:6) an uncursed wand of slow monster (0:7) an uncursed wand of striking (0:7) an uncursed wand of teleportation (0:6) an uncursed wand of undead turning (0:6) an uncursed +0 pick-axe an uncursed +0 unicorn horn a cursed +0 unicorn horn an uncursed fluorite stone 7289 gold pieces Spells and supernatural/magical abilities: Name Level Category Cost Memory a - force bolt 1 attack 12pw 96% d - dig 2 matter 40pw 97% e - charm monster 3 enchantment 3000pw 97% h - healing 1 healing 12pw 89% k - knock 1 matter 12pw 82% l - light 1 divination 10pw 48% o - cone of cold 4 attack 4000pw 83% s - slow monster 2 enchantment 40pw 73% z - sleep 1 enchantment 12pw 48% A - create familiar 3 clerical 3000pw 79% H - speed monster 3 escape 3000pw 83% I - identify 2 divination 40pw 90% M - magic mapping 5 divination 5000pw 79% O - summoning 2 clerical 40pw 68% W - pray for help -- divine ? -- Your skills at the end: Fighting Skills wands [Basic] Weapon Skills dagger [Skilled] broadsword [Basic] bow [Expert] Spellcasting Skills divination spells [Basic] Final Attributes: You were piously aligned. You were immune to sleep. You were immune to electricity. You were poison resistant. You were level-drain resistant. You saw invisible. You were telepathic. You were warned. You had automatic searching. You had infravision. You were invisible. You were stealthy. You were protected. You had reflection. You reconciled with your god 5306 turns ago. Mars favoured you deeply. You are dead. Vanquished creatures: a titan 4 vampire lords an Aleax an ettin 9 ghosts a ranger 3 giant mimics an ogre king 2 rock trolls an umber hulk a wumpus 3 long worms 3 stalkers 2 air elementals 2 fire elementals a xorn 5 sergeants a barbed devil 7 wargs 3 small mimics a warhorse 2 ettin mummies an ogre lord 2 quantum mechanics 3 trolls an erinys 2 gelatinous cubes a pyrolisk 5 large dogs a freezing sphere 2 flaming spheres 5 shocking spheres 2 large cats 3 tigers 2 gargoyles a dwarf king 4 tengu 2 ochre jellies a leocrotta 2 energy vortices a mountain centaur 3 stone giants 4 elf mummies 2 human mummies a pit viper a python 9 wraiths 2 carnivorous apes 3 ettin zombies 2 leather golems a Grey-elf 10 soldiers 5 horned devils an incubus 3 giant beetles 2 quivering blobs 6 cockatrices a wolf 4 panthers a spotted jelly 9 leprechauns 2 orc-captains 2 iron piercers 3 mumakil 4 giant spiders 3 scorpions 2 horses 3 ice vortices a black light 3 vampire bats 20 forest centaurs 4 gnome kings 5 orc mummies 2 dwarf mummies an ogre 2 brown puddings a rust monster 6 owlbears 2 yetis 2 gold golems 2 werewolves a Green-elf 10 lizards 8 hunters 3 dogs a dingo 4 housecats 2 jaguars 2 dwarf lords 3 white unicorns 2 gray unicorns 3 dust vortices 6 ravens 9 plains centaurs 2 gnome mummies a snake 8 apes 12 human zombies a rope golem a Woodland-elf 12 soldier ants 3 fire ants 4 bugbears a quasit 4 wood nymphs 3 water nymphs 2 mountain nymphs 9 Mordor orcs 3 Uruk-hai 5 orc shamans 9 rock piercers 6 rock moles 2 ponies 5 fog clouds 8 yellow lights 3 shriekers 4 violet fungi 16 gnome lords 10 gnomish wizards 2 kobold mummies 2 red naga hatchlings a black naga hatchling 2 golden naga hatchlings 2 guardian naga hatchlings 2 gray oozes 3 barrow wights 9 elf zombies 7 ghouls 3 straw golems 5 paper golems a baby crocodile 12 giant ants 5 little dogs 6 floating eyes 11 kittens 22 dwarves 2 homunculi a kobold lord 3 kobold shamans 19 hill orcs 15 rothes 5 rabid rats 2 centipedes 4 giant bats 6 monkeys 8 orc zombies 8 dwarf zombies 3 wererats 5 werejackals 13 iguanas 21 killer bees 4 acid blobs 7 coyotes a gas spore 8 hobbits 15 manes a large kobold 9 hobgoblins 11 giant rats 7 cave spiders 4 brown molds 3 yellow molds a green mold 6 red molds 50 gnomes 22 garter snakes 13 gnome zombies 23 geckos 32 jackals 11 foxes 4 kobolds 8 goblins 13 sewer rats 20 grid bugs 10 bats 10 lichens a kobold zombie 13 newts 941 creatures vanquished. Genocided species: kobold zombies gnome zombies orc zombies dwarf zombies elf zombies human zombies ettin zombies giant zombies ghouls 9 species genocided. Voluntary challenges: You had been an atheist until turn 2033. You used a wielded weapon 898 times, starting on turn 2158. You had been a pacifist until turn 2159. You read items or engraved 148 times, starting on turn 997. You genocided 9 types of monsters, starting on turn 30300. You never polymorphed an object. You changed form 1 time, starting on turn 2188. You used 1 wish, starting on turn 29556. You did not wish for any artifacts. You never split a pudding. You wrote Elbereth's name 5 times, starting on turn 1486. You violated your moral code, losing 295 points of alignment, starting on turn 22102. Dungeon overview: The Dungeons of Doom: levels 1 to 22 Level 1 a fountain a long staircase Level 2 a fountain stairs to The Gnomish Mines Level 3 a general store, a fountain, a vault Level 4 some fountains, a sink Level 5 some fountains Level 6 a weapon shop, an altar to Mars, a sink Level 7 many fountains Level 8 stairs to Sokoban Level 9 some fountains, a sink Level 10 Level 11 Level 12 an altar to Mercury, a fountain, a vault Level 13 some fountains, a sink Level 14 a fountain, a sink, a vault portal to The Quest Level 15 Level 16 Level 17 Level 18 some fountains Level 19 some fountains Level 20 a fountain, a vault Level 21 a sink Level 22 The Gnomish Mines: levels 3 to 10 Level 3 stairs to The Dungeons of Doom Level 4 Level 5 Level 6 many shops, a temple to Venus, some fountains Level 7 Level 8 Level 9 Level 10 some fountains The Quest: Level 1 <- You were here many trees portal to The Dungeons of Doom Sokoban: levels 4 to 7 Level 4 Solved Level 5 Solved Level 6 Solved Level 7 Solved stairs to The Dungeons of Doom History has recorded: On T:1 you entered the Dungeons of Doom to retrieve the Amulet of Yendor! On T:74 you reached level 2 of The Dungeons of Doom. On T:204 you reached level 3 of The Dungeons of Doom. On T:286 you reached level 1 of The Gnomish Mines. On T:1458 you reached level 2 of The Gnomish Mines. On T:1870 you reached level 4 of The Gnomish Mines. On T:2563 you advanced to experience level 2. On T:2774 you advanced to experience level 3. On T:2846 you reached level 5 of The Gnomish Mines. On T:3481 you advanced to experience level 4. On T:3799 you advanced to experience level 5. On T:5961 you advanced to experience level 6. On T:6088 you reached level 4 of The Dungeons of Doom. On T:6422 you reached level 5 of The Dungeons of Doom. On T:6956 you reached level 6 of The Dungeons of Doom. On T:7427 you reached level 7 of The Dungeons of Doom. On T:7810 you advanced to experience level 7. On T:8472 you reached level 8 of The Dungeons of Doom. On T:8557 you reached level 4 of Sokoban. On T:9048 you reached level 3 of Sokoban. On T:9882 you reached level 2 of Sokoban. On T:10364 you reached level 1 of Sokoban. On T:11490 you advanced to experience level 8. On T:12328 you reached level 9 of The Dungeons of Doom. On T:14545 you reached level 6 of The Gnomish Mines. On T:15441 you reached level 7 of The Gnomish Mines. On T:16348 you reached level 8 of The Gnomish Mines. On T:16754 you advanced to experience level 9. On T:19938 you advanced to experience level 10. On T:21646 you reached level 10 of The Dungeons of Doom. On T:22497 you reached level 11 of The Dungeons of Doom. On T:22976 you received Stormbringer from Mars. On T:23396 you reached level 12 of The Dungeons of Doom. On T:23895 you advanced to experience level 11. On T:23930 you reached level 13 of The Dungeons of Doom. On T:27050 you reached level 14 of The Dungeons of Doom. On T:27130 you reached level 15 of The Dungeons of Doom. On T:27240 you reached level 1 of The Quest. On T:28124 you reached level 16 of The Dungeons of Doom. On T:28905 you reached level 17 of The Dungeons of Doom. On T:29556 you wished for "blessed spellbook of identify". On T:30300 you genocided class 'Z'. On T:32461 you reached level 18 of The Dungeons of Doom. On T:32494 you reached level 19 of The Dungeons of Doom. On T:34244 you reached level 20 of The Dungeons of Doom. On T:34268 you reached level 21 of The Dungeons of Doom. On T:34668 you reached level 22 of The Dungeons of Doom. Score breakdown: Gold: 7289 (13139 points) Experience: 11 levels (17616 points) Exploration: 22 levels ( 45.83%) (20053 points) Discoveries: 125 items ( 42.37%) (19528 points) Valuables value: (no points given unless you survive) Artifact value: 8000 (13277 points) Variety of kills: 178 monsters ( 46.84%) (20532 points) Turncount: 36059 turns (-4273 points) Survival: died (score multiplied by 80%) Total score: 79897 Latest messages: The plains centaur is killed! The forest centaur picks up several weapons from the floor. Please move the cursor to an unknown object. A minotaur [seen: normal vision, infravision] on a corpse on other objects on the floor of a room. The forest centaur wields a bow! The minotaur hits the forest centaur. (2x) The minotaur butts the forest centaur. The forest centaur is killed! The minotaur hits the forest centaur. (2x) The forest centaur is killed! You take off your ring of conflict. You start removing your dwarvish mithril-coat. You take off your elven cloak. You take off your dwarvish mithril-coat. Your movements are slowed slightly because of your load. You stop changing your equipment. The minotaur hits! (2x) The minotaur butts! [3 turns] You write in the dust with your fingers. The minotaur hits! (2x) The minotaur butts! You die... Final status: Goodbye Ranfoe the Ranger, killed by a minotaur... You died in The Quest on dungeon level 1 with 79897 points, and 7289 pieces of gold, after 36059 moves. You were level 11 with a maximum of 89 hit points when you died.